 Dungeon Crawl Stone Soup version 0.21.0 (webtiles) character file.

152 Leibowitz the Cutter (level 5, -3/31 HPs)
             Began as a Kobold Gladiator on Jan 7, 2018.
             Killed from afar by Ijyb (5 damage)
             ... with a wand of flame (9)
             ... on level 3 of the Dungeon.
             The game lasted 00:05:18 (2357 turns).

Leibowitz the Cutter (Kobold Gladiator)             Turns: 2357, Time: 00:05:19

Health: -3/31      AC:  3    Str: 11    XL:     5   Next: 60%
Magic:  5/5        EV: 17    Int: 10    God:
Gold:   79         SH:  0    Dex: 17    Spells: 4/4 levels left

rFire    . . .     SeeInvis .   a - +0 rapier
rCold    . . .     Gourm    .   (shield restricted)
rNeg     + . .     Faith    .   k - +0 robe {rN+}
rPois    .         Spirit   .   c - +0 helmet
rElec    .         Reflect  .   (no cloak)
rCorr    .         Harm     .   (no gloves)
MR       .....                  (no boots)
Stlth    ++........             (no amulet)
HPRegen  0.10/turn              (no ring)
MPRegen  0.09/turn              (no ring)

@: no status effects
A: small, carnivore
a: no special abilities


You were on level 3 of the Dungeon.
You were completely stuffed.

You visited 1 branch of the dungeon, and saw 3 of its levels.

You collected 79 gold pieces.

Inventory:

Hand Weapons
 a - a +0 rapier (weapon)
Missiles
 h - 15 poisoned needles
Armour
 c - a +0 helmet (worn)
 k - a +0 robe of positive energy (worn)
Wands
 b - a wand of flame (18)
Scrolls
 i - a scroll of teleportation {unknown}
 l - a scroll of remove curse {unknown}
 o - 3 scrolls of enchant armour {unknown}
 p - a scroll of immolation {unknown}
 s - a scroll of random uselessness {unknown}
Potions
 e - 2 potions of brilliance {unknown}
 g - a potion of degeneration {unknown}
 j - a potion of magic {unknown}
 m - a potion of haste {unknown}
 n - a potion of agility {unknown}
 q - a potion of mutation {unknown}
Comestibles
 f - 4 rations
 r - a chunk of flesh


   Skills:
 * Level 2.7 Fighting
 * Level 6.3 Short Blades
 - Level 2.1 Throwing
 + Level 0.4 Armour
 * Level 4.6 Dodging
 * Level 2.0 Stealth


You had 4 spell levels left.
You didn't know any spells.

Dungeon Overview and Level Annotations

Branches:
Dungeon (3/15)

Altars:
Gozag
Nemelex Xobeh
Uskayaw
Vehumet
Zin

Annotations:
D:3 Ijyb


Innate Abilities, Weirdness & Mutations

You are small and have problems with some larger weapons.
You are carnivorous and can eat meat at any time.


Message History

Aim: Ijyb, wearing a chain mail and carrying a wand of flame (9) (severely wounded)
You throw a throwing net.
The throwing net completely misses Ijyb.
Ijyb hits you.
* * * LOW HITPOINT WARNING * * *
Throwing (i - inventory):
d - 2 throwing nets (quivered)
Press: ? - help, Shift-Dir - straight line, f/p - Ijyb
Aim: Ijyb, wearing a chain mail and carrying a wand of flame (9) (severely wounded)
You throw a throwing net.
The throwing net completely misses Ijyb.
Ijyb misses you.
Throwing (i - inventory):
d - a throwing net (quivered)
Press: ? - help, Shift-Dir - straight line, f/p - Ijyb
Aim: Ijyb, wearing a chain mail and carrying a wand of flame (9) (severely wounded)
You throw a throwing net. The throwing net hits Ijyb.
Ijyb is caught in the net!
Ijyb is severely wounded.
Ijyb screams, "Get away!"
Ijyb zaps a wand.
The puff of flame hits you!
You die...

#........#.# ..#.#..
#.#
########.#.###.#.#.##
## #.#
#.#.#...#.#..#..# #.#
#.#...###.#..#.##.#.#
#.#...............#.#
#.#.......##.######.#
#.#(########.)......#
# #...g.# ##########
... ###.#@#
.J...####.#.#
.....g....#.#
.....######.# ### ..#
.## ? #.


You could see Ijyb (caught).

Vanquished Creatures
  Natasha (thrice) (D:2)
  2 adders
  An ooze (D:2)
  A worm (D:2)
  2 leopard geckos
  An orc (D:3)
  A ball python (D:3)
  6 giant cockroaches
  3 goblins
  9 hobgoblins
  2 quokkas
  7 bats
  5 kobolds
  8 rats
51 creatures vanquished.

Notes
Turn   | Place    | Note
-------+----------+-------------------------------------------
     0 | D:1      | Leibowitz the Kobold Gladiator began the quest for the Orb.
     0 | D:1      | Reached XP level 1. HP: 12/12 MP: 1/1
    79 | D:1      | Reached XP level 2. HP: 17/17 MP: 2/2
   295 | D:1      | Reached skill level 1 in Stealth
   462 | D:2      | Reached XP level 3. HP: 10/22 MP: 3/3
   748 | D:2      | Found a radiant altar of Vehumet.
   898 | D:2      | Reached skill level 5 in Short Blades
  1041 | D:2      | Found a sparkling altar of Nemelex Xobeh.
  1041 | D:2      | Found a glowing silver altar of Zin.
  1047 | D:2      | Found a hide-covered altar of Uskayaw.
  1157 | D:2      | Noticed Natasha
  1163 | D:2      | Reached XP level 4. HP: 27/27 MP: 4/4
  1177 | D:2      | Killed Natasha
  1280 | D:2      | Noticed Natasha
  1297 | D:2      | Killed Natasha
  1297 | D:2      | Reached XP level 5. HP: 4/31 MP: 5/5
  1298 | D:2      | HP: 1/31 [rat (3)]
  1465 | D:2      | Noticed Natasha
  1667 | D:2      | Killed Natasha
  1667 | D:2      | Reached skill level 6 in Short Blades
  1924 | D:3      | Found an opulent altar of Gozag.
  2279 | D:3      | Noticed Ijyb
  2357 | D:3      | Killed from afar by Ijyb

Skill      XL: |  1  2  3  4  5 |
---------------+----------------+-----
Dodging        | 4 |  4.6
Stealth        | 1 2 |  2.0
Short Blades   | 5 6 |  6.3
Fighting       | |  2.7
Throwing       | |  2.1
Armour         | |  0.4

Action                   |  1- 3 |  4- 6 || total
-------------------------+-------+-------++-------
Melee: Rapier            |   109 |   102 ||   211
Throw: Throwing net      |       |     3 ||     3
 Stab: Sleeping          |     1 |     2 ||     3
       Distracted        |       |     1 ||     1
  Eat: Chunk             |     9 |     4 ||    13
Armor: Leather armour    |    16 |       ||    16
       Robe              |     7 |    14 ||    21
Dodge: Dodged            |   112 |    62 ||   174
